 Dungeon Sprint DCSS version 0.17-a0-1184-gb75be8f (webtiles) character file.

2382 Kidiri the Thaumaturge (level 9, -6/45 HPs)
             Began as a Deep Elf Necromancer on June 1, 2015.
             Was a High Priest of Kikubaaqudgha.
             Killed from afar by a deep elf knight (26 damage)
             ... with a spray of energy
             ... in the Dungeon (Sprint III: "The Ten Rune Challenge").
             The game lasted 00:15:22 (2167 turns).

Kidiri the Thaumaturge (Deep Elf Necromancer)       Turns: 2167, Time: 00:15:23

Health: -6/45      AC:  4    Str:  5    XL:     9   Next: 22%
Magic:  25/32      EV: 18    Int: 24    God:    Kikubaaqudgha [*****.]
Gold:   791        SH:  0    Dex: 15    Spells: 13 memorised, 4 levels left

rFire  . . .     SeeInvis .     d - +0 dagger
rCold  . . .     Clarity  .     o - +1 robe {MR+}
rNeg   + . .     SustAt   .     (no shield)
rPois  .         Gourm    .     (helmet restricted)
rElec  .         Spirit   .     (no cloak)
rCorr  .         Warding  +     (no gloves)
rMut   .         NoTele   +     (no boots)
MR     +....                    e - amulet of warding
Stlth  +++++.....               (no ring)
                                (no ring)

@: somewhat resistant to hostile enchantments, quite stealthy
A: antennae 2, molten scales 1, high mp 1
a: Receive Corpses, Torment, Renounce Religion


You were in the Dungeon.
You worshipped Kikubaaqudgha.
Kikubaaqudgha was extremely pleased with you.
You were not hungry.

You visited 1 branch You collected 791 gold pieces.

Inventory:

Hand weapons
 d - a +0 dagger (weapon)
 j - a +0 club
Armour
 a - a +0 robe
 o - a +1 robe of magic resistance (worn)
Jewellery
 e - an amulet of warding (around neck)
Magical devices
 h - a wand of invisibility (1)
Scrolls
 i - 2 scrolls of blinking
 l - a scroll of immolation {unknown}
 m - a scroll of identify {unknown}
 n - a scroll of remove curse {unknown}
 r - a scroll of torment {unknown}
 s - a scroll of fog {unknown}
 t - a scroll of enchant armour {unknown}
Potions
 f - a potion of haste
 p - 3 potions of cure mutation
 q - 2 potions of flight
 u - a potion of agility {unknown}
Books
 b - a book of Necromancy

   Spells                             Type                      Level
   a - Pain                           Necromancy                   1
   b - Animate Skeleton               Necromancy                   1
   c - Vampiric Draining              Necromancy                   3
   d - Regeneration                   Charms/Necromancy            3
   e - Animate Dead                   Necromancy                   4
   f - Control Undead                 Necromancy                   4
 g - Kikubaaqudgha's Tome of Unholy Arts
   (Kikubaaqudgha gifted it to you in the Dungeon)

   Spells                             Type                      Level
   a - Pain                           Necromancy                   1
   b - Corpse Rot                     Necromancy                   2
   c - Sublimation of Blood           Necromancy                   2
   d - Vampiric Draining              Necromancy                   3
   e - Control Undead                 Necromancy                   4
 k - a book of Air

   Spells                             Type                      Level
   a - Shock                          Conjuration/Air              1
   b - Swiftness                      Charms/Air                   2
   c - Repel Missiles                 Charms/Air                   2
   d - Static Discharge               Conjuration/Air              3
   e - Lightning Bolt                 Conjuration/Air              5
 v - Kikubaaqudgha's Handbook of Black Magic
   (Kikubaaqudgha gifted it to you in the Dungeon)

   Spells                             Type                      Level
   a - Animate Dead                   Necromancy                   4
   b - Agony                          Necromancy                   5
   c - Cigotuvi's Embrace             Necromancy                   5
   d - Dispel Undead                  Necromancy                   5
   e - Death Channel                  Necromancy                   6
Comestibles
 c - a bread ration


   Skills:
 + Level 9.9 Dodging
 + Level 10.8 Stealth
 * Level 14.5 Spellcasting
 + Level 4.8 Conjurations
 + Level 6.4 Charms
 * Level 13.8 Necromancy
 + Level 4.3 Air Magic


You had 4 spell levels left.
You knew the following spells:

 Your Spells              Type           Power        Failure   Level  Hunger
a - Pain                  Necr           ####         0%          1    None
b - Animate Skeleton      Necr           N/A          0%          1    None
c - Vampiric Draining     Necr           ######....   1%          3    None
d - Regeneration          Chrm/Necr      ######....   1%          3    None
e - Animate Dead          Necr           N/A          1%          4    None
f - Control Undead        Necr           ######....   1%          4    None
g - Shock                 Conj/Air       ####         1%          1    None
h - Repel Missiles        Chrm/Air       #####.       1%          2    None
i - Swiftness             Chrm/Air       #####...     1%          2    None
j - Static Discharge      Conj/Air       #####...     1%          3    None
k - Lightning Bolt        Conj/Air       #####.....   17%         5    ##.....
l - Corpse Rot            Necr           N/A          1%          2    None
m - Sublimation of Blood  Necr           ######....   1%          2    None


Dungeon Overview and Level Annotations

Branches:
Dungeon (1/1)

Altars:
Cheibriados
Dithmenos
Elyvilon
Fedhas
Gozag
Kikubaaqudgha
Makhleb
Nemelex Xobeh
Okawaru
Qazlal
Ru
Sif Muna
Trog
Vehumet
Xom
Yredelemnul
Zin
The Shining One
Jiyva
Lugonu

Shops:
D *


Innate Abilities, Weirdness & Mutations

You have a pair of antennae on your head.
You are partially covered in molten scales (AC +1).
You have an increased reservoir of magic (+10% MP).


Message History

Casting: Pain
Confirm with . or Enter, or press ? or * to list all spells.
Aiming: Vampiric Draining
Press: ? - help, Shift-Dir - straight line, f - deep elf knight, p - deep elf knight
Aim: a deep elf knight, wielding a long sword (covering ground quickly)
The deep elf knight is lightly wounded.
You feel life coursing into your body.
The deep elf knight hits you with a long sword!!
Casting: Vampiric Draining
Confirm with . or Enter, or press ? or * to list all spells.
Aiming: Vampiric Draining
Press: ? - help, Shift-Dir - straight line, f/p - deep elf knight
Aim: a deep elf knight, wielding a long sword (lightly wounded, covering ground quickly)
The deep elf knight is moderately wounded.
You feel life coursing into your body.
The deep elf knight gestures at you while chanting.
The spray of energy hits you!
Ouch! That really hurt!
You die...
Kikubaaqudgha rasps: "You have failed me!
Welcome... death!"

▓▓▓▓▓▓▓▓▓ #######
#..#.$$.########
__[#__####.#(...@ee#...#
..)#._#.........##e#...#
'###[##.$..).....#{#...≈≈≈
......#.())......#{#...##≈
.{....#)$##..##∩##.e...#
#####'#)##.##.##.#######
__#...#)##############
__#...#.)..#.#.#...).#
__#..)##.#..#.##.###.#


You could see 3 deep elf knights.

Vanquished Creatures
  Erolcha (D)
  A deep elf priest (D)
  A shadow (D)
  A hill giant (D)
  A spatial vortex (D)
  A necrophage (D)
  3 two-headed ogres (D)
  A scorpion (D)
  A jelly (D)
  A necromancer (D)
  Jessica (D)
  A wizard (D)
  3 humans (D)
  A kobold demonologist (D)
  2 oozes (D)
  5 orcs (D)
25 creatures vanquished.

Vanquished Creatures (collateral kills)
  An orc high priest (D)
  A hill giant (D)
  A water elemental (D)
  An orc priest (D)
  11 orcs (D)
15 creatures vanquished.

Vanquished Creatures (others)
  2 draconian scorchers (D)
  A yaktaur (D)
3 creatures vanquished.

Grand Total: 43 creatures vanquished

Notes
Turn   | Place    | Note
--------------------------------------------------------------
     0 | D        | Kidiri the Deep Elf Necromancer began the quest for the Orb.
     0 | D        | Reached XP level 1. HP: 10/10 MP: 6/6
     2 | D        | Learned a level 1 spell: Animate Skeleton
    11 | D        | Reached skill level 5 in Necromancy
    21 | D        | Reached XP level 2. HP: 12/15 MP: 6/9
   104 | D        | Noticed Jessica
   109 | D        | Killed Jessica
   109 | D        | Reached skill level 5 in Spellcasting
   109 | D        | Reached skill level 6 in Necromancy
   109 | D        | Reached XP level 3. HP: 16/19 MP: 7/12
   114 | D        | Learned a level 3 spell: Vampiric Draining
   118 | D        | Learned a level 3 spell: Regeneration
   246 | D        | Killed a yaktaur
   352 | D        | Killed a white draconian scorcher
   356 | D        | Killed a white draconian scorcher
   409 | D        | Noticed a scorpion
   412 | D        | Killed a scorpion
   412 | D        | Reached skill level 5 in Stealth
   412 | D        | Reached skill level 7 in Spellcasting
   412 | D        | Reached XP level 4. HP: 21/24 MP: 9/15
   418 | D        | Learned a level 4 spell: Animate Dead
   423 | D        | Learned a level 4 spell: Control Undead
   444 | D        | Gained mutation: You have an increased reservoir of magic (+10% MP). [potion of mutation]
   444 | D        | Gained mutation: You are partially covered in molten scales (AC +1). [potion of mutation]
   444 | D        | Gained mutation: You have a pair of small antennae on your head. [potion of mutation]
   445 | D        | Gained mutation: You have a pair of antennae on your head. [potion of mutation]
   493 | D        | Noticed a water elemental
   504 | D        | Killed a water elemental
   504 | D        | Reached skill level 5 in Dodging
   504 | D        | Reached skill level 8 in Spellcasting
   504 | D        | Reached XP level 5. HP: 28/28 MP: 15/19
   590 | D        | Found a basalt altar of Yredelemnul.
   590 | D        | Found a snail-covered altar of Cheibriados.
   590 | D        | Found a blossoming altar of Fedhas.
   590 | D        | Noticed a necrophage
   590 | D        | Noticed a necromancer
   595 | D        | Killed a necromancer
   595 | D        | Reached skill level 9 in Spellcasting
   601 | D        | Found an iron altar of Okawaru.
   601 | D        | Found a bloodstained altar of Trog.
   601 | D        | Noticed a human
   602 | D        | Noticed a human
   606 | D        | a necrophage (ally) was killed
   620 | D        | Killed a human
   620 | D        | Reached skill level 10 in Spellcasting
   620 | D        | Reached skill level 10 in Necromancy
   620 | D        | Reached XP level 6. HP: 26/32 MP: 10/23
   636 | D        | Killed a human
   636 | D        | Reached skill level 11 in Spellcasting
   773 | D        | Found a glowing silver altar of Zin.
   773 | D        | Found a glowing golden altar of the Shining One.
   773 | D        | Found a white marble altar of Elyvilon.
   774 | D        | Noticed a deep elf priest
   777 | D        | Killed a deep elf priest
   777 | D        | Reached skill level 12 in Spellcasting
   777 | D        | Reached XP level 7. HP: 25/36 MP: 22/27
   832 | D        | Found a radiant altar of Vehumet.
   832 | D        | Found a deep blue altar of Sif Muna.
   832 | D        | Found an ancient bone altar of Kikubaaqudgha.
   832 | D        | Noticed a wizard
   834 | D        | Killed a wizard
   856 | D        | Learned a level 1 spell: Shock
   859 | D        | Learned a level 2 spell: Repel Missiles
   862 | D        | Learned a level 2 spell: Swiftness
   866 | D        | Learned a level 3 spell: Static Discharge
   872 | D        | Learned a level 5 spell: Lightning Bolt
   898 | D        | Became a worshipper of Kikubaaqudgha
   916 | D        | Noticed a jelly
   920 | D        | Killed a jelly
   921 | D        | Noticed a shadow
   923 | D        | Killed a shadow
   923 | D        | Reached skill level 1 in Conjurations
   923 | D        | Reached skill level 1 in Air Magic
   937 | D        | Found a stormy altar of Qazlal.
   937 | D        | Found a sacrificial altar of Ru.
   937 | D        | Found a burning altar of Makhleb.
   937 | D        | Found a shimmering altar of Xom.
   938 | D        | Found a viscous altar of Jiyva.
   938 | D        | Found a shadowy altar of Dithmenos.
   938 | D        | Found a sparkling altar of Nemelex Xobeh.
   938 | D        | Found a corrupted altar of Lugonu.
   938 | D        | Found an opulent altar of Gozag.
   938 | D        | Noticed a spatial vortex
  1280 | D        | Killed a spatial vortex
  1280 | D        | Reached XP level 8. HP: 41/41 MP: 29/29
  1388 | D        | Noticed a two-headed ogre
  1388 | D        | Noticed a two-headed ogre
  1391 | D        | Noticed a two-headed ogre
  1395 | D        | Killed a two-headed ogre
  1395 | D        | Reached skill level 13 in Spellcasting
  1402 | D        | Killed a two-headed ogre
  1402 | D        | Acquired Kikubaaqudgha's first power
  1402 | D        | Received a gift from Kikubaaqudgha
  1437 | D        | Killed a two-headed ogre
  1493 | D        | Identified Kikubaaqudgha's Tome of Unholy Arts (Kikubaaqudgha gifted it to you in the Dungeon)
  1616 | D        | Learned a level 2 spell: Corpse Rot
  1619 | D        | Learned a level 2 spell: Sublimation of Blood
  1631 | D        | Noticed a hill giant
  1643 | D        | Killed a hill giant
  1720 | D        | Noticed a hill giant
  1720 | D        | Noticed Erolcha
  1732 | D        | Killed Erolcha
  1732 | D        | Reached skill level 10 in Stealth
  1732 | D        | Reached skill level 14 in Spellcasting
  1732 | D        | Reached skill level 5 in Charms
  1732 | D        | Reached XP level 9. HP: 37/45 MP: 12/31
  1741 | D        | Killed a hill giant
  1741 | D        | Acquired Kikubaaqudgha's second power
  1846 | D        | Your ally Erolcha died
  1984 | D        | Noticed an orc priest
  1984 | D        | Received a gift from Kikubaaqudgha
  1985 | D        | Noticed an orc high priest
  2004 | D        | Killed an orc priest
  2065 | D        | Acquired Kikubaaqudgha's third power
  2072 | D        | Killed an orc high priest
  2085 | D        | Acquired Kikubaaqudgha's fourth power
  2089 | D        | Identified Kikubaaqudgha's Handbook of Black Magic (Kikubaaqudgha gifted it to you in the Dungeon)
  2096 | D        | Found Vyupush's Assorted Antiques.
  2135 | D        | Noticed a deep elf knight
  2135 | D        | Noticed a deep elf knight
  2135 | D        | Noticed a deep elf summoner
  2135 | D        | Noticed a deep elf knight
  2135 | D        | Noticed a deep elf conjurer
  2167 | D        | Killed from afar by a deep elf knight

Vault maps used:
D:        dungeon_sprint_mu

Action                   |  1- 3 |  4- 6 |  7- 9 || total
-------------------------+-------+-------+-------++-------
Melee: Club              |     1 |    14 |       ||    15
       Dagger            |       |     1 |    23 ||    24
 Cast: Pain              |    22 |     4 |    43 ||    69
       Vampiric Draining |     1 |     9 |    18 ||    28
       Animate Dead      |       |     2 |     9 ||    11
       Regeneration      |       |     2 |       ||     2
       Control Undead    |       |     2 |       ||     2
       Shock             |       |       |     6 ||     6
       Swiftness         |       |       |     2 ||     2
Invok: Receive Corpses   |       |       |     1 ||     1
  Use: Potion            |     2 |     6 |     1 ||     9
 Stab: Sleeping          |       |     1 |     3 ||     4
  Eat: Royal jelly       |       |     1 |     1 ||     2
       Bread ration      |       |       |     1 ||     1
